 Dungeon Crawl Stone Soup version 0.31.0-12-g77e489cdc1 (webtiles) character file.

Game seed: 18246418914296725450

42 Doomgape the Trooper (level 3, -3/33 HPs)
             Began as a Minotaur Fighter on Feb 12, 2024.
             Killed by divine providence
             ... invoked by an orc priest
              (10 damage)
             ... on level 2 of the Dungeon.
             The game lasted 00:02:15 (1208 turns).

Doomgape the Trooper (Minotaur Fighter)             Turns: 1208, Time: 00:02:16

Health: -3/33      AC:  7    Str: 22    XL:     3   Next: 33%
Magic:  2/2        EV:  9    Int:  5    God:
Gold:   121        SH:  4    Dex:  9    Spells: 2/2 levels left

rFire   . . .        a - +0 long sword
rCold   + . .        c - +0 buckler
rNeg    . . .        b - +0 scale mail
rPois   .            (helmet restricted)
rElec   .            (no cloak)
rCorr   .            (no gloves)
SInv    .            (no boots)
Will    .....        (no amulet) Stlth
                     j - ring of protection from cold
HPRegen 0.25/turn    (no ring)
MPRegen 0.08/turn

%: no passive effects
@: no status effects
A: horns 2, retaliatory headbutt
a: no special abilities


You were on level 2 of the Dungeon.
You visited 1 branch of the dungeon, and saw 2 of its levels.

You collected 121 gold pieces.

Inventory:

Hand Weapons
 a - a +0 long sword (weapon)
Armour
 b - a +0 scale mail (worn)
 c - a +0 buckler (worn)
Jewellery
 j - a ring of protection from cold (left hand)
Scrolls
 e - a scroll of poison {unknown}
 f - a scroll of identify {unknown}
 g - a scroll of revelation {unknown}
 i - a scroll of torment {unknown}
Potions
 d - a potion of might
 h - a potion of ambrosia {unknown}


   Skills:
 + Level 4.3 Fighting
 + Level 3.3 Long Blades
 + Level 4.3 Armour
 - Level 3.6 Shields


You had 2 spell levels left.
You didn't know any spells.
Your spell library was empty.

Dungeon Overview and Level Annotations

Branches:
Dungeon (2/15)

Altars:

Shops:
D:1 (


Innate Abilities, Weirdness & Mutations

You have a pair of horns on your head.
You reflexively headbutt those who attack you in melee.


Message History

An orc comes into view. It is wielding a +0 club.
The orc shouts!
You hit the giant cockroach.
You kill the giant cockroach!
You block the orc's attack.
You barely miss the orc. You block the orc's attack.
The orc priest attacks as it pursues you!
You block the orc priest's attack.
You see here a giant cockroach corpse.
The orc priest attacks as it pursues you!
The orc priest barely misses you.
The orc priest calls down the wrath of Beogh upon you.
Beogh smites you!
* * * LOW HITPOINT WARNING * * *
The orc priest hits you with a +0 club.
* * * LOW HITPOINT WARNING * * *
You block the orc's attack.
You closely miss the orc priest. The orc priest closely misses you.
You block the orc's attack. The orc priest closely misses you.
You completely miss the orc priest. You headbutt the orc priest.
The orc priest is heavily wounded.
The orc hits you with a +0 hand axe.
* * * LOW HITPOINT WARNING * * *
The orc priest closely misses you.
You hit the orc priest but do no damage.
The orc priest is heavily wounded.
The orc priest closely misses you.
You hit the orc priest.
The orc priest is severely wounded.
The orc completely misses you.
The orc priest miscasts a cantrip.
You hit the orc priest but do no damage.
The orc priest is severely wounded.
The orc closely misses you.
The orc priest hits you but does no damage.
The orc hits you but does no damage.
The orc priest suddenly curses.
The orc priest invokes the aid of Beogh against you.
Beogh smites you!
You die...

########## ##.....#!..
##### ##.......... ....##
#...........
###..#########
#........... ##.........#
#...........
#########.####......<....
#...##o<..†.)....
###..@oo.........
#####o./.......
........#... #..########
## #.# #.. . #. .. . ....


You could see an orc priest and 3 orcs.

Vanquished Creatures
  An adder (D:2)
  A ribbon worm (D:2)
  3 bats (D:2)
  An endoplasm (D:2)
  2 giant cockroaches (D:2)
  4 goblins
  3 hobgoblins
  3 kobolds
  2 quokkas
  2 ball pythons (D:2)
  3 frilled lizards
  2 rats
27 creatures vanquished.

Notes
Turn   | Place    | Note
-------+----------+-------------------------------------------
     0 | D:1      | Doomgape the Minotaur Fighter began the quest for the Orb.
     0 | D:1      | Reached XP level 1. HP: 19/19 MP: 0/0
   250 | D:1      | Reached XP level 2. HP: 25/27 MP: 1/1
   359 | D:1      | Found Iclij's Antique Weapon Emporium.
   952 | D:2      | Reached XP level 3. HP: 33/33 MP: 2/2
  1042 | D:2      | Found a faded altar of an unknown god.
  1137 | D:2      | Identified the +1 leather armour of Wipnis {rN+ Slay+3
                  | Stlth-}
  1208 | D:2      | Killed from afar by an orc priest

Illustrated notes

Levels and vault maps discovered:
D:1:      dpeg_arrival_yet_another_circle, layout_basic, serial_shops,
          nicolae_shop_just_a_little_nook, nrook_uturn, minmay_domino_4
D:2:      layout_rooms, shapermc_ecumenical_altar_mp_urbaneastern,
          grunt_decor_cap

Skill      XL: |  1  2 |
---------------+-------+-----
Fighting       | 4 |  4.3
Armour         | 4 |  4.3
Long Blades    | 3 |  3.3
Shields        | |  3.6

Action                     || total
---------------------------++-------
  Melee: Long sword        ||    71
         Headbutt          ||     7
 Armour: Scale mail        ||    55
  Dodge: Dodged            ||    45
  Block: Buckler           ||    21
